 Dungeon Crawl Stone Soup version 0.21.1-1-g345015f (webtiles) character file.

60 Zachthehappycat the Gusty (level 4, 0/24 HPs)
             Began as a Tengu Air Elementalist on July 5, 2018.
             Succumbed to an adder's poison
             ... on level 2 of the Dungeon.
             The game lasted 00:05:22 (1328 turns).

Zachthehappycat the Gusty (Tengu Air Elementalist)  Turns: 1328, Time: 00:05:23

Health: 0/24       AC:  4    Str:  9    XL:     4   Next: 6%
Magic:  2/8        EV: 13    Int: 16    God:
Gold:   50         SH:  0    Dex: 14    Spells: 7/8 levels left

rFire    . . .     SeeInvis .   (no weapon)
rCold    . . .     Gourm    .   (no shield)
rNeg     . . .     Faith    .   a - +0 robe
rPois    .         Spirit   .   (helmet restricted)
rElec    .         Reflect  .   (no cloak)
rCorr    .         Harm     .   e - +1 pair of gloves
MR       .....                  (boots unavailable)
Stlth    ++........             (no amulet)
HPRegen  0.08/turn              (no ring)
MPRegen  0.11/turn              (no ring)

@: lethally poisoned (0 -> -2), about to teleport
A: beak, talons 3
a: no special abilities


You were on level 2 of the Dungeon.
You were not hungry.

You visited 1 branch of the dungeon, and saw 2 of its levels.

You collected 50 gold pieces.

Inventory:

Armour
 a - a +0 robe (worn)
 e - a +1 pair of gloves (worn)
Scrolls
 f - a scroll of fear
Books
 b - a book of Air

   Spells                             Type                      Level
   a - Shock                          Conjuration/Air              1
   b - Swiftness                      Charms/Air                   2
   c - Static Discharge               Conjuration/Air              3
   d - Airstrike                      Air                          4
   e - Lightning Bolt                 Conjuration/Air              5
Comestibles
 c - a ration


   Skills:
 - Level 0.2 Fighting
 + Level 2.6 Dodging
 + Level 2.4 Stealth
 - Level 0.1 Unarmed Combat
 + Level 2.6 Spellcasting
 + Level 2.1 Conjurations
 + Level 4.9 Air Magic


You had 7 spell levels left.
You knew the following spells:

 Your Spells              Type           Power        Failure   Level  Hunger
a - Shock                 Conj/Air       ##..         4%          1    #......


Dungeon Overview and Level Annotations

Branches:
Dungeon (2/15)

Altars:

Annotations:
D:2 Terence


Innate Abilities, Weirdness & Mutations

You have a beak for a mouth.
You have claws for feet.


Message History

The adder bites you.
* * * LOW HITPOINT WARNING * * *
The adder bites you.
* * * LOW HITPOINT WARNING * * *
As you read the scroll of fear, it crumbles to dust.
You assume a fearsome visage.
Terence looks frightened!
The kobold looks frightened!
The adder looks frightened!
* * * LOW HITPOINT WARNING * * *
You feel sick.
Found 14 poisoned needles.
* * * LOW HITPOINT WARNING * * *
You feel sick.
There is a lethal amount of poison in your body!
You aren't carrying any potions.
As you read the scroll labeled IFRING WYOLIT, it crumbles to dust.
You feel strangely unstable.
It was a scroll of teleportation.
You aren't carrying any pieces of jewellery.
You aren't wearing any rings or amulets.
You eat one of the 2 rations.
That ration really hit the spot!
You die...

.....@..# ..............
........###.........#...
.....##.................
..............##........
..............#.........
........................
...........)............
...............#....####
.......@...............#
............#.##....####
.....................#
........................
.(....#...............#.
......#.........##....#
.....##......... .....#
..... .......... ......


There were no monsters in sight!

Vanquished Creatures
  2 adders (D:2)
  A gnoll (D:1)
  A dart slug (D:2)
  4 leopard geckos
  2 giant cockroaches (D:1)
  5 hobgoblins
  A jackal (D:1)
  2 bats
  A frilled lizard (D:2)
  2 kobolds
  8 rats
29 creatures vanquished.

Notes
Turn   | Place    | Note
-------+----------+-------------------------------------------
     0 | D:1      | Zachthehappycat the Tengu Air Elementalist began the quest for the Orb.
     0 | D:1      | Reached XP level 1. HP: 10/10 MP: 4/4
    99 | D:1      | Reached XP level 2. HP: 13/15 MP: 0/6
   652 | D:1      | Reached XP level 3. HP: 19/19 MP: 2/7
  1279 | D:2      | Reached XP level 4. HP: 21/24 MP: 0/8
  1309 | D:2      | Noticed Terence
  1324 | D:2      | HP: 1/24 [poisoned by an adder]
  1328 | D:2      | Succumbed to an adder's poison

Skill      XL: |  1  2  3 |
---------------+----------+-----
Conjurations   | 2 |  2.1
Fighting       | |  0.2
Dodging        | |  2.6
Stealth        | |  2.4
Unarmed Combat | |  0.1
Spellcasting   | |  2.6
Air Magic      | |  4.9

Action                   |  1- 3 |  4- 6 || total
-------------------------+-------+-------++-------
Melee: Unarmed           |    28 |    14 ||    42
       Kick              |     7 |     2 ||     9
       Peck              |     3 |     1 ||     4
 Cast: Shock             |    47 |     4 ||    51
  Use: Scroll            |       |     3 ||     3
 Stab: Sleeping          |     1 |       ||     1
  Eat: Chunk             |     1 |       ||     1
       Ration            |       |     1 ||     1
Armor: Robe              |     8 |     3 ||    11
Dodge: Dodged            |    30 |    12 ||    42
